Blackhawks vs Jets

Created - 30 décembre 2021 at 11:59

Goals
1 2 3 T
Blackhawks 1 3 2 6
Jets 2 0 1 3
Shots
1 2 3 T
Blackhawks 15 13 16 44
Jets 10 14 13 37

GoalsPenalties
1st period
1. Jets , Tyler Toffoli 13 (Jared McCann 6, Bo Horvat 21) at 4:06
2. Jets , Jared McCann 7 (Tyler Toffoli 17, Ryan Ellis 25) at 8:48
3. Blackhawks , Cam Fowler 6 (Derek Grant 9, Justin Holl 13) at 11:50 (PP)
Aaron Ekblad (WIN) for Roughing (Minor) at 9:56
Aaron Ekblad (WIN) for Hooking (Minor) at 12:05
Ryan Getzlaf (WIN) for Hooking (Minor) at 16:37
Justin Holl (CHI) for Slashing (Minor) at 16:37
Connor Clifton (WIN) for Tripping (Minor) at 18:48
2nd period
4. Blackhawks , Jordan Staal 15 (Marc Staal 11, Jakub Voracek 10) at 4:16
5. Blackhawks , Nick Bonino 10 (Marc Staal 12, Anthony Bitetto 9) at 7:28
6. Blackhawks , Jonathan Toews 11 (Gabriel Landeskog 12, Dmitry Orlov 13) at 15:58
Aaron Ekblad (WIN) for Hooking (Minor) at 5:13
Connor Clifton (WIN) for Tripping (Minor) at 7:36
Tomas Nosek (CHI) for High sticking (Minor) at 10:28
Joonas Donskoi (WIN) for High sticking (Minor) at 12:35
Jordan Staal (CHI) for Tripping (Minor) at 16:09
3rd period
7. Jets , Ryan Ellis 3 (Patrice Bergeron 15) at 4:00 (PP)
8. Blackhawks , Jordan Staal 16 (Jakub Voracek 11, Justin Holl 14) at 7:38 (PP)
9. Blackhawks , Jonathan Toews 12 (Roman Josi 28, Gabriel Landeskog 13) at 11:48 (PP)
Zach Sanford (WIN) for Hooking (Minor) at 0:57
Justin Holl (CHI) for Hooking (Minor) at 3:27
Ryan Graves (WIN) for Cross-checking (Minor) at 6:27
Connor Clifton (WIN) for Hooking (Minor) at 9:55
Justin Holl (CHI) for Tripping (Minor) at 16:34
Patrice Bergeron (WIN) for Holding (Minor) at 19:19
Goalie Stats
Carey Price (CHI), 34 saves from 37 shots - (0,919), W, 18-10-2, 60:00 minutes
Laurent Brossoit (WIN), 14 saves from 16 shots - (0,875), 24:02 minutes
Semyon Varlamov (WIN), 24 saves from 28 shots - (0,857), L, 16-8-1, 35:58 minutes
3 StarsOfficial
1 - Jonathan Toews (CHI)
2 - Jordan Staal (CHI)
3 - Jared McCann (WIN)
Referees : Dave Jackson and Ian Walsh
Linesman : Kiel Murchison and Bryan Pancich
Game Note
Laurent Brossoit enters game at 15:58 of 2nd period



Team Name Goals Shots Shots Attemp Shots Blocked PIM HIT PP PK FO%
Blackhawks 64476910143 / 10 (30%)150%
Jets 337751222201 / 4 (25%)350%

Blackhawks
Player Name POS G A P +/- PIM HIT SHT SB MP PP MP PP SHT PK MP PK SHT FO% FOT
Anthony BitettoD0111020011:280:0001:3800% 0
Cam FowlerD1010014324:008:3743:4700% 0
Derek GrantC/LW0111006018:378:3750:180100% 1
Dmitry OrlovD0110011126:208:5512:4300% 0
Gabriel LandeskogLW0220012023:358:5512:35036% 14
Jakub VoracekLW/RW0221003018:198:3730:00050% 2
Jason DickinsonC/LW000000008:530:0000:000100% 1
Jonathan ToewsC2020028024:348:5543:37049% 39
Jordan StaalC2021207121:408:3732:24070% 30
Justin HollD0220612221:068:3712:0900% 0
Kyle PalmieriRW0000022019:598:5520:0000% 1
Marc StaalD0221000010:530:0000:0000% 0
Matt CalvertLW/RW000001105:330:0001:1300% 1
Nick BoninoC1010001012:470:0002:53013% 8
Patric HornqvistRW000003108:530:0000:000100% 1
Rocco GrimaldiC/RW000000004:200:0000:0000% 1
Roman JosiD0110005126:108:5532:4300% 0
Tomas NosekC/LW000020114:190:0000:00040% 5
Jets
Player Name POS G A P +/- PIM HIT SHT SB MP PP MP PP SHT PK MP PK SHT FO% FOT
Aaron EkbladD000-1621221:323:1716:0100% 0
Alexander SteenLW/RW000-1000013:110:0008:3500% 1
Bo HorvatC0111024013:173:1710:28050% 22
Connor BrownRW000-1003022:493:1728:5700% 2
Connor CliftonD0000630110:540:0000:0000% 0
Gustav ForslingD000-2012224:393:1727:5200% 0
Jaden SchwartzLW0000003012:463:1300:00033% 3
Jared McCannC/LW112101209:320:0000:0000% 1
Joonas DonskoiLW/RW000-120106:170:0000:0000% 0
Kris RussellD0000011315:430:0004:4600% 0
Nazem KadriC/LW000-1031015:343:1700:000100% 2
Patrice BergeronC011-1237122:163:1328:29055% 44
Riley SheahanC000-1000013:110:0008:35040% 15
Ryan EllisD1120001223:023:1318:3400% 0
Ryan GetzlafC0000213012:453:1320:00067% 12
Ryan GravesD0001220120:500:0007:5100% 0
Tyler ToffoliLW/RW1121006012:283:1310:0000% 2
Zach SanfordC/LW/RW000021209:320:0000:0000% 0

Blackhawks

5 vs 5 Forward
Line #Left WingCenterRight WingPHYDFOFWanted %Time %Time Play
1Gabriel LandeskogJonathan ToewsKyle Palmieri1223033%11:04
2Derek GrantJordan StaalJakub Voracek1223029%9:42
3Jason DickinsonNick BoninoPatric Hornqvist1222426%8:53
4Matt CalvertTomas NosekRocco Grimaldi1221613%4:20
5 vs 5 Defense
Line #DefenseDefensePHYDFOFWanted %Time %Time Play
1Roman JosiDmitry Orlov1223032%10:52
2Justin HollCam Fowler1223031%10:23
3Marc StaalAnthony Bitetto1222429%9:50
4Roman JosiDmitry Orlov122169%2:54
Power Play Forward
Line #Left WingCenterRight WingPHYDFOFWanted %Time %Time Play
1Gabriel LandeskogJonathan ToewsKyle Palmieri1225051%8:55
2Derek GrantJordan StaalJakub Voracek1225049%8:37
Power Play Defense
Line #DefenseDefensePHYDFOFWanted %Time %Time Play
1Roman JosiDmitry Orlov1225051%8:55
2Justin HollCam Fowler1225049%8:37
Penalty Kill 4 Players Forward
Line #CenterWingPHYDFOFWanted %Time %Time Play
1Jonathan ToewsJordan Staal1225056%3:37
2Gabriel LandeskogNick Bonino1225044%2:53
Penalty Kill 4 Players Defense
Line #DefenseDefensePHYDFOFWanted %Time %Time Play
1Roman JosiDmitry Orlov1225042%2:43
2Justin HollCam Fowler1225058%3:47
Penalty Kill 3 Players
Line #WingPHYDFOFWanted %Time %Time PlayDefenseDefensePHYDFOFWanted %Time %Time Play
1Jonathan Toews122500%0:00 Roman JosiDmitry Orlov122500%0:00
2Jordan Staal122500%0:00 Justin HollCam Fowler122500%0:00
4 vs 4 Forward
Line #CenterWingPHYDFOFWanted %Time %Time Play
1Jonathan ToewsJordan Staal1225049%0:58
2Gabriel LandeskogNick Bonino1225051%1:01
4 vs 4 Defense
Line #DefensePHYDFOFWanted %Time %Time Play
1Roman JosiDmitry Orlov1225039%50% - 0:46
2Justin HollCam Fowler1225061%50% - 1:13
Last Minutes Offensive
Left WingCenterRight WingDefenseDefense
Gabriel LandeskogJonathan ToewsKyle PalmieriRoman JosiDmitry Orlov
Last Minutes Defensive
Left WingCenterRight WingDefenseDefense
Gabriel LandeskogJonathan ToewsKyle PalmieriRoman JosiDmitry Orlov
Time
Total ForwardTotal DefenseLast Minutes OffensiveLast Minutes Defensive
60:00 60:00 0:000:00
Extra Forwards
Normal PowerPlayPenalty Kill
Patric Hornqvist, Jason Dickinson, Matt CalvertPatric Hornqvist, Jason DickinsonMatt Calvert
Extra Defensemen
Normal PowerPlayPenalty Kill
Marc Staal, Anthony Bitetto, Justin HollMarc Staal, Anthony BitettoJustin Holl
Penalty Shots
Jonathan Toews, Jordan Staal, Gabriel Landeskog, Nick Bonino, Derek Grant
Goalie
Carey Price, Petr Mrazek
Custom OT Lines Forwards
Jonathan Toews, Jordan Staal, Gabriel Landeskog, Nick Bonino, Derek Grant, Kyle Palmieri, Jakub Voracek, Patric Hornqvist, Jason Dickinson, Matt Calvert
Custom OT Lines Defensemen
Roman Josi, Dmitry Orlov, Justin Holl, Cam Fowler, Marc Staal
Scratches
Ben Hutton (Healthy), Christian Djoos (Healthy)

Jets

5 vs 5 Forward
Line #Left WingCenterRight WingPHYDFOFWanted %Time %Time Play
1Nazem KadriPatrice BergeronConnor Brown1223031%10:35
2Jared McCannBo HorvatTyler Toffoli1222827%9:15
3Jaden SchwartzRyan GetzlafZach Sanford1222628%9:33
4Alexander SteenRiley SheahanJoonas Donskoi1221614%4:36
5 vs 5 Defense
Line #DefenseDefensePHYDFOFWanted %Time %Time Play
1Aaron EkbladGustav Forsling1223535%11:46
2Ryan EllisRyan Graves1223332%11:00
3Connor CliftonKris Russell1223232%10:57
4Ryan GravesAaron Ekblad12201%0:16
Power Play Forward
Line #Left WingCenterRight WingPHYDFOFWanted %Time %Time Play
1Jaden SchwartzPatrice BergeronTyler Toffoli1135049%3:13
2Nazem KadriBo HorvatConnor Brown1135051%3:17
Power Play Defense
Line #DefenseDefensePHYDFOFWanted %Time %Time Play
1Gustav ForslingAaron Ekblad0145051%3:17
2Ryan GetzlafRyan Ellis0145049%3:13
Penalty Kill 4 Players Forward
Line #CenterWingPHYDFOFWanted %Time %Time Play
1Patrice BergeronConnor Brown0505051%8:57
2Riley SheahanAlexander Steen0505049%8:35
Penalty Kill 4 Players Defense
Line #DefenseDefensePHYDFOFWanted %Time %Time Play
1Aaron EkbladRyan Graves1405053%9:14
2Ryan EllisGustav Forsling1405047%8:18
Penalty Kill 3 Players
Line #WingPHYDFOFWanted %Time %Time PlayDefenseDefensePHYDFOFWanted %Time %Time Play
1Patrice Bergeron050500%0:00 Aaron EkbladRyan Graves140500%0:00
2Riley Sheahan050500%0:00 Ryan EllisGustav Forsling140500%0:00
4 vs 4 Forward
Line #CenterWingPHYDFOFWanted %Time %Time Play
1Bo HorvatJared McCann0235014%0:17
2Nazem KadriJoonas Donskoi0235086%1:42
4 vs 4 Defense
Line #DefensePHYDFOFWanted %Time %Time Play
1Gustav ForslingRyan Graves0235087%50% - 1:44
2Aaron EkbladRyan Ellis0235013%50% - 0:15
Last Minutes Offensive
Left WingCenterRight WingDefenseDefense
Tyler ToffoliPatrice BergeronConnor BrownConnor CliftonRyan Ellis
Last Minutes Defensive
Left WingCenterRight WingDefenseDefense
Alexander SteenPatrice BergeronConnor BrownRyan EllisRyan Graves
Time
Total ForwardTotal DefenseLast Minutes OffensiveLast Minutes Defensive
60:00 60:00 0:000:00
Extra Forwards
Normal PowerPlayPenalty Kill
Patrice Bergeron, Bo Horvat, Ryan GetzlafJared McCann, Joonas DonskoiBo Horvat
Extra Defensemen
Normal PowerPlayPenalty Kill
Ryan Graves, Aaron Ekblad, Ryan EllisRyan Graves, Kris RussellRyan Ellis
Penalty Shots
Jared McCann, Tyler Toffoli, Patrice Bergeron, Jaden Schwartz, Bo Horvat
Goalie
Semyon Varlamov, Laurent Brossoit
Custom OT Lines Forwards
Bo Horvat, Tyler Toffoli, Patrice Bergeron, Jaden Schwartz, Nazem Kadri, Connor Brown, Jared McCann, Joonas Donskoi, Ryan Getzlaf, Zach Sanford
Custom OT Lines Defensemen
Kris Russell, Ryan Ellis, Gustav Forsling, Aaron Ekblad, Ryan Graves
Scratches
Austin Watson (Healthy), Kris Letang (Suspend), Tobias Rieder (Healthy)


Play-by-Play

1st period


0:01 of 1st period - Jonathan Toews wins face-off versus Patrice Bergeron in neutral zone.
0:16 of 1st period - Shot by Connor Brown.
0:16 of 1st period - Shot Misses the Net.
0:18 of 1st period - Shot by Patrice Bergeron.
0:18 of 1st period - Shot Misses the Net.
0:24 of 1st period - Shot by Patrice Bergeron.
0:24 of 1st period - Stopped by Carey Price without a rebound.
0:25 of 1st period - Bo Horvat wins face-off versus Jordan Staal in Blackhawks zone.
0:46 of 1st period - Shot by Jordan Staal.
0:46 of 1st period - Shot Misses the Net.
0:56 of 1st period - Shot by Jared McCann.
0:56 of 1st period - Shot Blocked by Justin Holl.
0:58 of 1st period - Shot by Ryan Ellis.
0:58 of 1st period - Shot Blocked by Cam Fowler.
1:00 of 1st period - Shot by Tyler Toffoli.
1:00 of 1st period - Shot Misses the Net.
1:02 of 1st period - Shot by Jared McCann.
1:02 of 1st period - Shot Misses the Net.
1:25 of 1st period - Icing by Justin Holl.
1:26 of 1st period - Jordan Staal wins face-off versus Alexander Steen in Blackhawks zone.
1:44 of 1st period - Gustav Forsling is hit by Anthony Bitetto and loses puck.
2:42 of 1st period - Shot by Zach Sanford.
2:42 of 1st period - Shot Misses the Net.
2:44 of 1st period - Shot by Zach Sanford.
2:44 of 1st period - Shot Blocked by Tomas Nosek.
2:46 of 1st period - Shot by Zach Sanford.
2:46 of 1st period - Stopped by Carey Price without a rebound.
2:47 of 1st period - Patrice Bergeron wins face-off versus Jonathan Toews in Blackhawks zone.
2:54 of 1st period - Ryan Ellis is hit by Jonathan Toews and loses puck.
3:17 of 1st period - Shot by Patrice Bergeron.
3:17 of 1st period - Stopped by Carey Price without a rebound.
3:18 of 1st period - Ryan Getzlaf wins face-off versus Tomas Nosek in Blackhawks zone.
3:19 of 1st period - Shot by Jaden Schwartz.
3:19 of 1st period - Stopped by Carey Price without a rebound.
3:20 of 1st period - Ryan Getzlaf wins face-off versus Rocco Grimaldi in Blackhawks zone.
3:21 of 1st period - Shot by Jaden Schwartz.
3:21 of 1st period - Shot Misses the Net.
3:26 of 1st period - Marc Staal is hit by Connor Clifton and loses puck.
3:41 of 1st period - Shot by Rocco Grimaldi.
3:41 of 1st period - Shot Blocked by Kris Russell.
3:43 of 1st period - Shot by Marc Staal.
3:43 of 1st period - Shot Blocked by Connor Clifton.
3:45 of 1st period - Shot by Tomas Nosek.
3:45 of 1st period - Shot Blocked by Kris Russell.
3:48 of 1st period - Matt Calvert is hit by Kris Russell.
3:50 of 1st period - Shot by Tomas Nosek.
3:50 of 1st period - Stopped by Semyon Varlamov without a rebound.
3:51 of 1st period - Bo Horvat wins face-off versus Jonathan Toews in Jets zone.
4:06 of 1st period - Shot by Jared McCann.
4:06 of 1st period - Deflect By Tyler Toffoli.
4:06 of 1st period - Goal by Tyler Toffoli - Blackhawks : 0 - Jets : 1.
4:07 of 1st period - Patrice Bergeron wins face-off versus Nick Bonino in neutral zone.
4:44 of 1st period - Shot by Patrice Bergeron.
4:44 of 1st period - Shot Misses the Net.
6:06 of 1st period - Shot by Jaden Schwartz.
6:06 of 1st period - Stopped by Carey Price with a rebound.
6:12 of 1st period - Shot by Jaden Schwartz.
6:12 of 1st period - Stopped by Carey Price without a rebound.
6:13 of 1st period - Tomas Nosek wins face-off versus Riley Sheahan in Blackhawks zone.
7:02 of 1st period - Alexander Steen is hit by Kyle Palmieri and loses puck.
7:24 of 1st period - Off-side.
7:25 of 1st period - Ryan Getzlaf wins face-off versus Jordan Staal in neutral zone.
8:00 of 1st period - Dmitry Orlov is hit by Connor Clifton and loses puck.
8:05 of 1st period - Shot by Jordan Staal.
8:05 of 1st period - Stopped by Semyon Varlamov without a rebound.
8:06 of 1st period - Patrice Bergeron wins face-off versus Jonathan Toews in Jets zone.
8:28 of 1st period - Shot by Jonathan Toews.
8:28 of 1st period - Stopped by Semyon Varlamov without a rebound.
8:29 of 1st period - Bo Horvat wins face-off versus Nick Bonino in Jets zone.
8:29 of 1st period - Ryan Graves is hit by Patric Hornqvist and loses puck.
8:38 of 1st period - Shot by Tyler Toffoli.
8:38 of 1st period - Stopped by Carey Price with a rebound.
8:48 of 1st period - Shot by Jared McCann.
8:48 of 1st period - Goal by Jared McCann - Blackhawks : 0 - Jets : 2.
8:49 of 1st period - Jonathan Toews wins face-off versus Patrice Bergeron in neutral zone.
9:19 of 1st period - Jonathan Toews is hit by Aaron Ekblad and loses puck.
9:23 of 1st period - Gabriel Landeskog is hit by Aaron Ekblad and loses puck.
9:56 of 1st period - Minor Penalty to Aaron Ekblad for Roughing.
9:57 of 1st period - Derek Grant wins face-off versus Riley Sheahan in Jets zone.
10:22 of 1st period - Shot by Cam Fowler.
10:22 of 1st period - Stopped by Semyon Varlamov with a rebound.
10:24 of 1st period - Shot by Jordan Staal.
10:24 of 1st period - Shot Blocked by Kris Russell.
10:34 of 1st period - Shot by Jakub Voracek.
10:34 of 1st period - Stopped by Semyon Varlamov without a rebound.
10:35 of 1st period - Jonathan Toews wins face-off versus Patrice Bergeron in Jets zone.
10:40 of 1st period - Shot by Gabriel Landeskog.
10:40 of 1st period - Shot Blocked by Ryan Ellis.
10:42 of 1st period - Shot by Jonathan Toews.
10:42 of 1st period - Stopped by Semyon Varlamov without a rebound.
10:43 of 1st period - Jordan Staal wins face-off versus Riley Sheahan in Jets zone.
10:44 of 1st period - Shot by Derek Grant.
10:44 of 1st period - Stopped by Semyon Varlamov without a rebound.
10:45 of 1st period - Jonathan Toews wins face-off versus Patrice Bergeron in Jets zone.
11:50 of 1st period - Shot by Cam Fowler.
11:50 of 1st period - Goal by Cam Fowler - Blackhawks : 1 - Jets : 2.
11:51 of 1st period - Jason Dickinson wins face-off versus Tyler Toffoli in neutral zone.
12:05 of 1st period - Minor Penalty to Aaron Ekblad for Hooking.
12:06 of 1st period - Patrice Bergeron wins face-off versus Jordan Staal in Jets zone.
12:41 of 1st period - Shot by Jakub Voracek.
12:41 of 1st period - Shot Misses the Net.
13:21 of 1st period - Off-side.
13:22 of 1st period - Riley Sheahan wins face-off versus Jonathan Toews in neutral zone.
13:35 of 1st period - Shot by Gabriel Landeskog.
13:35 of 1st period - Deflect By Kyle Palmieri.
13:35 of 1st period - Stopped by Semyon Varlamov without a rebound.
13:36 of 1st period - Patrice Bergeron wins face-off versus Jonathan Toews in Jets zone.
13:59 of 1st period - Shot by Roman Josi.
13:59 of 1st period - Shot Misses the Net.
14:01 of 1st period - Shot by Jonathan Toews.
14:01 of 1st period - Stopped by Semyon Varlamov without a rebound.
14:02 of 1st period - Riley Sheahan wins face-off versus Jordan Staal in Jets zone.
14:11 of 1st period - Kris Russell is hit by Patric Hornqvist and loses puck.
14:47 of 1st period - Icing by Anthony Bitetto.
14:48 of 1st period - Bo Horvat wins face-off versus Nick Bonino in Blackhawks zone.
15:15 of 1st period - Jared McCann is hit by Anthony Bitetto and loses puck.
16:37 of 1st period - Minor Penalty to Ryan Getzlaf for Hooking.
16:37 of 1st period - Minor Penalty to Justin Holl for Slashing.
16:38 of 1st period - Nazem Kadri wins face-off versus Gabriel Landeskog in Blackhawks zone.
16:47 of 1st period - Shot by Joonas Donskoi.
16:47 of 1st period - Stopped by Carey Price without a rebound.
16:48 of 1st period - Jonathan Toews wins face-off versus Bo Horvat in Blackhawks zone.
16:59 of 1st period - Shot by Jordan Staal.
16:59 of 1st period - Deflect By Jonathan Toews.
16:59 of 1st period - Stopped by Semyon Varlamov without a rebound.
17:00 of 1st period - Bo Horvat wins face-off versus Gabriel Landeskog in Jets zone.
17:04 of 1st period - Off-side.
17:05 of 1st period - Nazem Kadri wins face-off versus Gabriel Landeskog in neutral zone.
18:19 of 1st period - Jonathan Toews is hit by Ryan Graves and loses puck.
18:48 of 1st period - Shot by Justin Holl.
18:48 of 1st period - Stopped by Semyon Varlamov without a rebound.
18:48 of 1st period - Minor Penalty to Connor Clifton for Tripping.
18:49 of 1st period - Patrice Bergeron wins face-off versus Jordan Staal in Jets zone.
19:13 of 1st period - Shot by Justin Holl.
19:13 of 1st period - Shot Misses the Net.
19:15 of 1st period - Shot by Derek Grant.
19:15 of 1st period - Stopped by Semyon Varlamov with a rebound.
19:50 of 1st period - Shot by Gabriel Landeskog.
19:50 of 1st period - Stopped by Semyon Varlamov without a rebound.
19:51 of 1st period - Jonathan Toews wins face-off versus Connor Brown in Jets zone.
19:56 of 1st period - Shot by Roman Josi.
19:56 of 1st period - Stopped by Semyon Varlamov without a rebound.
19:57 of 1st period - Jordan Staal wins face-off versus Patrice Bergeron in Jets zone.
Goals for this period are 1 for Blackhawks vs 2 for Jets.
Shots for this period are 15 for Blackhawks vs 10 for Jets.

2nd period


0:01 of 2nd period - Jonathan Toews wins face-off versus Patrice Bergeron in neutral zone.
0:41 of 2nd period - Shot by Riley Sheahan.
0:41 of 2nd period - Shot Misses the Net.
0:43 of 2nd period - Shot by Aaron Ekblad.
0:43 of 2nd period - Shot Blocked by Roman Josi.
0:55 of 2nd period - Shot by Bo Horvat.
0:55 of 2nd period - Shot Misses the Net.
0:57 of 2nd period - Shot by Connor Clifton.
0:57 of 2nd period - Shot Misses the Net.
0:59 of 2nd period - Shot by Jared McCann.
0:59 of 2nd period - Shot Misses the Net.
1:01 of 2nd period - Shot by Connor Clifton.
1:01 of 2nd period - Shot Misses the Net.
1:10 of 2nd period - Jared McCann is hit by Cam Fowler and loses puck.
1:13 of 2nd period - Shot by Jared McCann.
1:13 of 2nd period - Shot Blocked by Cam Fowler.
1:15 of 2nd period - Shot by Bo Horvat.
1:15 of 2nd period - Shot Misses the Net.
1:17 of 2nd period - Shot by Bo Horvat.
1:17 of 2nd period - Shot Misses the Net.
1:19 of 2nd period - Shot by Bo Horvat.
1:19 of 2nd period - Stopped by Carey Price without a rebound.
1:20 of 2nd period - Ryan Getzlaf wins face-off versus Tomas Nosek in Blackhawks zone.
2:41 of 2nd period - Cam Fowler is hit by Nazem Kadri and loses puck.
2:48 of 2nd period - Kris Russell is hit by Patric Hornqvist.
3:01 of 2nd period - Cam Fowler is hit by Connor Clifton.
3:42 of 2nd period - Shot by Jared McCann.
3:42 of 2nd period - Deflect By Tyler Toffoli.
3:42 of 2nd period - Stopped by Carey Price without a rebound.
3:43 of 2nd period - Jordan Staal wins face-off versus Riley Sheahan in Blackhawks zone.
4:16 of 2nd period - Shot by Jordan Staal.
4:16 of 2nd period - Goal by Jordan Staal - Blackhawks : 2 - Jets : 2.
4:17 of 2nd period - Bo Horvat wins face-off versus Matt Calvert in neutral zone.
4:24 of 2nd period - Shot by Bo Horvat.
4:24 of 2nd period - Stopped by Carey Price without a rebound.
4:25 of 2nd period - Bo Horvat wins face-off versus Jonathan Toews in Blackhawks zone.
4:28 of 2nd period - Shot by Aaron Ekblad.
4:28 of 2nd period - Shot Misses the Net.
4:36 of 2nd period - Shot by Jonathan Toews.
4:36 of 2nd period - Shot Misses the Net.
4:38 of 2nd period - Shot by Dmitry Orlov.
4:38 of 2nd period - Shot Blocked by Gustav Forsling.
4:40 of 2nd period - Shot by Roman Josi.
4:40 of 2nd period - Stopped by Semyon Varlamov without a rebound.
4:41 of 2nd period - Jordan Staal wins face-off versus Patrice Bergeron in Jets zone.
4:50 of 2nd period - Shot by Jordan Staal.
4:50 of 2nd period - Stopped by Semyon Varlamov without a rebound.
4:51 of 2nd period - Jaden Schwartz wins face-off versus Jonathan Toews in Jets zone.
4:56 of 2nd period - Shot by Roman Josi.
4:56 of 2nd period - Shot Blocked by Aaron Ekblad.
5:13 of 2nd period - Minor Penalty to Aaron Ekblad for Hooking.
5:14 of 2nd period - Jordan Staal wins face-off versus Patrice Bergeron in Jets zone.
5:24 of 2nd period - Jordan Staal is hit by Ryan Graves and loses puck.
6:26 of 2nd period - Icing by Dmitry Orlov.
6:27 of 2nd period - Patrice Bergeron wins face-off versus Jonathan Toews in Blackhawks zone.
6:28 of 2nd period - Shot by Connor Brown.
6:28 of 2nd period - Shot Misses the Net.
6:33 of 2nd period - Kyle Palmieri is hit by Patrice Bergeron and loses puck.
6:45 of 2nd period - Roman Josi is hit by Patrice Bergeron and loses puck.
7:06 of 2nd period - Ryan Ellis is hit by Kyle Palmieri and loses puck.
7:28 of 2nd period - Shot by Nick Bonino.
7:28 of 2nd period - Goal by Nick Bonino - Blackhawks : 3 - Jets : 2.
7:29 of 2nd period - Ryan Getzlaf wins face-off versus Jordan Staal in neutral zone.
7:36 of 2nd period - Minor Penalty to Connor Clifton for Tripping.
7:37 of 2nd period - Jordan Staal wins face-off versus Riley Sheahan in Jets zone.
7:56 of 2nd period - Shot by Jordan Staal.
7:56 of 2nd period - Stopped by Semyon Varlamov without a rebound.
7:57 of 2nd period - Riley Sheahan wins face-off versus Jonathan Toews in Jets zone.
8:15 of 2nd period - Icing by Gabriel Landeskog.
8:16 of 2nd period - Riley Sheahan wins face-off versus Jonathan Toews in Blackhawks zone.
8:27 of 2nd period - Ryan Graves is hit by Gabriel Landeskog and loses puck.
9:06 of 2nd period - Shot by Justin Holl.
9:06 of 2nd period - Stopped by Semyon Varlamov without a rebound.
9:07 of 2nd period - Jordan Staal wins face-off versus Patrice Bergeron in Jets zone.
9:14 of 2nd period - Shot by Cam Fowler.
9:14 of 2nd period - Shot Hit the Post.
9:30 of 2nd period - Shot by Cam Fowler.
9:30 of 2nd period - Shot Misses the Net.
9:32 of 2nd period - Shot by Cam Fowler.
9:32 of 2nd period - Stopped by Semyon Varlamov with a rebound.
9:34 of 2nd period - Shot by Derek Grant.
9:34 of 2nd period - Shot Blocked by Patrice Bergeron.
9:48 of 2nd period - Shot by Kris Russell.
9:48 of 2nd period - Shot Misses the Net.
9:50 of 2nd period - Shot by Bo Horvat.
9:50 of 2nd period - Stopped by Carey Price without a rebound.
9:51 of 2nd period - Tomas Nosek wins face-off versus Ryan Getzlaf in Blackhawks zone.
10:05 of 2nd period - Shot by Ryan Getzlaf.
10:05 of 2nd period - Stopped by Carey Price with a rebound.
10:10 of 2nd period - Icing by Dmitry Orlov.
10:11 of 2nd period - Patrice Bergeron wins face-off versus Tomas Nosek in Blackhawks zone.
10:15 of 2nd period - Patrice Bergeron is hit by Dmitry Orlov and loses puck.
10:22 of 2nd period - Aaron Ekblad is hit by Matt Calvert and loses puck.
10:28 of 2nd period - Minor Penalty to Tomas Nosek for High sticking.
10:29 of 2nd period - Patrice Bergeron wins face-off versus Jonathan Toews in Blackhawks zone.
10:32 of 2nd period - Shot by Tyler Toffoli.
10:32 of 2nd period - Shot Misses the Net.
10:34 of 2nd period - Shot by Tyler Toffoli.
10:34 of 2nd period - Deflect By Patrice Bergeron.
10:34 of 2nd period - Shot Blocked by Justin Holl.
11:00 of 2nd period - Shot by Ryan Getzlaf.
11:00 of 2nd period - Stopped by Carey Price without a rebound.
11:01 of 2nd period - Gabriel Landeskog wins face-off versus Bo Horvat in Blackhawks zone.
11:07 of 2nd period - Icing by Aaron Ekblad.
11:08 of 2nd period - Bo Horvat wins face-off versus Gabriel Landeskog in Jets zone.
11:13 of 2nd period - Roman Josi is hit by Nazem Kadri and loses puck.
11:35 of 2nd period - Off-side.
11:36 of 2nd period - Jonathan Toews wins face-off versus Patrice Bergeron in neutral zone.
11:49 of 2nd period - Shot by Ryan Getzlaf.
11:49 of 2nd period - Stopped by Carey Price without a rebound.
11:50 of 2nd period - Gabriel Landeskog wins face-off versus Bo Horvat in Blackhawks zone.
11:50 of 2nd period - Gabriel Landeskog is hit by Bo Horvat.
12:06 of 2nd period - Shot by Aaron Ekblad.
12:06 of 2nd period - Shot Misses the Net.
12:08 of 2nd period - Shot by Gustav Forsling.
12:08 of 2nd period - Stopped by Carey Price without a rebound.
12:09 of 2nd period - Patrice Bergeron wins face-off versus Gabriel Landeskog in Blackhawks zone.
12:16 of 2nd period - Shot by Patrice Bergeron.
12:16 of 2nd period - Shot Misses the Net.
12:32 of 2nd period - Shot by Kris Russell.
12:32 of 2nd period - Stopped by Carey Price without a rebound.
12:33 of 2nd period - Riley Sheahan wins face-off versus Jakub Voracek in Blackhawks zone.
12:35 of 2nd period - Minor Penalty to Joonas Donskoi for High sticking.
12:36 of 2nd period - Patrice Bergeron wins face-off versus Jordan Staal in Jets zone.
12:49 of 2nd period - Shot by Jakub Voracek.
12:49 of 2nd period - Stopped by Semyon Varlamov with a rebound.
12:51 of 2nd period - Shot by Justin Holl.
12:51 of 2nd period - Shot Misses the Net.
13:01 of 2nd period - Shot by Cam Fowler.
13:01 of 2nd period - Stopped by Semyon Varlamov without a rebound.
13:02 of 2nd period - Patrice Bergeron wins face-off versus Jonathan Toews in Jets zone.
13:23 of 2nd period - Shot by Roman Josi.
13:23 of 2nd period - Stopped by Semyon Varlamov with a rebound.
13:32 of 2nd period - Off-side.
13:33 of 2nd period - Jordan Staal wins face-off versus Patrice Bergeron in neutral zone.
14:17 of 2nd period - Shot by Derek Grant.
14:17 of 2nd period - Stopped by Semyon Varlamov with a rebound.
15:09 of 2nd period - Shot by Bo Horvat.
15:09 of 2nd period - Shot Misses the Net.
15:17 of 2nd period - Shot by Tyler Toffoli.
15:17 of 2nd period - Stopped by Carey Price without a rebound.
15:18 of 2nd period - Patrice Bergeron wins face-off versus Jonathan Toews in Blackhawks zone.
15:38 of 2nd period - Shot by Gabriel Landeskog.
15:38 of 2nd period - Shot Misses the Net.
15:40 of 2nd period - Shot by Roman Josi.
15:40 of 2nd period - Stopped by Semyon Varlamov with a rebound.
15:58 of 2nd period - Shot by Jonathan Toews.
15:58 of 2nd period - Goal by Jonathan Toews - Blackhawks : 4 - Jets : 2.
15:58 of 2nd period - Laurent Brossoit enters game.
15:59 of 2nd period - Jordan Staal wins face-off versus Ryan Getzlaf in neutral zone.
16:02 of 2nd period - Shot by Cam Fowler.
16:02 of 2nd period - Shot Blocked by Ryan Graves.
16:09 of 2nd period - Minor Penalty to Jordan Staal for Tripping.
16:10 of 2nd period - Patrice Bergeron wins face-off versus Gabriel Landeskog in Blackhawks zone.
16:19 of 2nd period - Shot by Tyler Toffoli.
16:19 of 2nd period - Stopped by Carey Price without a rebound.
16:20 of 2nd period - Bo Horvat wins face-off versus Jonathan Toews in Blackhawks zone.
16:41 of 2nd period - Shot by Connor Brown.
16:41 of 2nd period - Stopped by Carey Price with a rebound.
16:43 of 2nd period - Shot by Aaron Ekblad.
16:43 of 2nd period - Stopped by Carey Price without a rebound.
16:44 of 2nd period - Gabriel Landeskog wins face-off versus Patrice Bergeron in Blackhawks zone.
16:53 of 2nd period - Shot by Patrice Bergeron.
16:53 of 2nd period - Shot Blocked by Cam Fowler.
16:55 of 2nd period - Shot by Tyler Toffoli.
16:55 of 2nd period - Shot Misses the Net.
19:16 of 2nd period - Derek Grant is hit by Gustav Forsling and loses puck.
19:29 of 2nd period - Shot by Patrice Bergeron.
19:29 of 2nd period - Stopped by Carey Price without a rebound.
19:30 of 2nd period - Jonathan Toews wins face-off versus Bo Horvat in Blackhawks zone.
Goals for this period are 3 for Blackhawks vs 0 for Jets.
Shots for this period are 13 for Blackhawks vs 14 for Jets.

3rd period


0:01 of 3rd period - Jordan Staal wins face-off versus Patrice Bergeron in neutral zone.
0:10 of 3rd period - Patrice Bergeron is hit by Justin Holl and loses puck.
0:28 of 3rd period - Shot by Jordan Staal.
0:28 of 3rd period - Stopped by Laurent Brossoit without a rebound.
0:29 of 3rd period - Ryan Getzlaf wins face-off versus Jonathan Toews in Jets zone.
0:57 of 3rd period - Minor Penalty to Zach Sanford for Hooking.
0:58 of 3rd period - Patrice Bergeron wins face-off versus Jordan Staal in Jets zone.
1:32 of 3rd period - Shot by Jakub Voracek.
1:32 of 3rd period - Stopped by Laurent Brossoit with a rebound.
1:36 of 3rd period - Shot by Jordan Staal.
1:36 of 3rd period - Stopped by Laurent Brossoit without a rebound.
1:37 of 3rd period - Riley Sheahan wins face-off versus Kyle Palmieri in Jets zone.
1:45 of 3rd period - Icing by Roman Josi.
1:46 of 3rd period - Jonathan Toews wins face-off versus Connor Brown in Blackhawks zone.
1:46 of 3rd period - Jonathan Toews is hit by Patrice Bergeron.
1:52 of 3rd period - Shot by Dmitry Orlov.
1:52 of 3rd period - Shot Misses the Net.
2:06 of 3rd period - Riley Sheahan is hit by Jonathan Toews and loses puck.
3:16 of 3rd period - Shot by Tyler Toffoli.
3:16 of 3rd period - Stopped by Carey Price without a rebound.
3:17 of 3rd period - Ryan Getzlaf wins face-off versus Nick Bonino in Blackhawks zone.
3:20 of 3rd period - Shot by Zach Sanford.
3:20 of 3rd period - Stopped by Carey Price with a rebound.
3:22 of 3rd period - Shot by Ryan Graves.
3:22 of 3rd period - Shot Misses the Net.
3:27 of 3rd period - Minor Penalty to Justin Holl for Hooking.
3:28 of 3rd period - Nick Bonino wins face-off versus Bo Horvat in Blackhawks zone.
3:45 of 3rd period - Shot by Bo Horvat.
3:45 of 3rd period - Stopped by Carey Price without a rebound.
3:46 of 3rd period - Gabriel Landeskog wins face-off versus Tyler Toffoli in Blackhawks zone.
3:54 of 3rd period - Icing by Patrice Bergeron.
3:55 of 3rd period - Patrice Bergeron wins face-off versus Gabriel Landeskog in Jets zone.
4:00 of 3rd period - Shot by Ryan Ellis.
4:00 of 3rd period - Goal by Ryan Ellis - Blackhawks : 4 - Jets : 3.
4:01 of 3rd period - Jordan Staal wins face-off versus Patrice Bergeron in neutral zone.
4:24 of 3rd period - Shot by Patrice Bergeron.
4:24 of 3rd period - Stopped by Carey Price without a rebound.
4:25 of 3rd period - Jonathan Toews wins face-off versus Ryan Getzlaf in Blackhawks zone.
4:25 of 3rd period - Jonathan Toews is hit by Zach Sanford.
4:28 of 3rd period - Roman Josi is hit by Ryan Getzlaf.
5:05 of 3rd period - Shot by Jonathan Toews.
5:05 of 3rd period - Stopped by Laurent Brossoit with a rebound.
5:16 of 3rd period - Icing by Jonathan Toews.
5:17 of 3rd period - Jonathan Toews wins face-off versus Patrice Bergeron in Blackhawks zone.
5:17 of 3rd period - Jonathan Toews is hit by Nazem Kadri.
5:24 of 3rd period - Icing by Kyle Palmieri.
5:25 of 3rd period - Patrice Bergeron wins face-off versus Jonathan Toews in Blackhawks zone.
5:40 of 3rd period - Shot by Patrice Bergeron.
5:40 of 3rd period - Deflect By Nazem Kadri.
5:40 of 3rd period - Shot Blocked by Dmitry Orlov.
5:42 of 3rd period - Shot by Patrice Bergeron.
5:42 of 3rd period - Shot Misses the Net.
6:08 of 3rd period - Shot by Connor Brown.
6:08 of 3rd period - Deflect By Patrice Bergeron.
6:08 of 3rd period - Stopped by Carey Price with a rebound.
6:10 of 3rd period - Shot by Patrice Bergeron.
6:10 of 3rd period - Shot Misses the Net.
6:17 of 3rd period - Icing by Justin Holl.
6:18 of 3rd period - Jordan Staal wins face-off versus Bo Horvat in Blackhawks zone.
6:18 of 3rd period - Jordan Staal is hit by Jared McCann.
6:27 of 3rd period - Minor Penalty to Ryan Graves for Cross-checking.
6:28 of 3rd period - Jordan Staal wins face-off versus Riley Sheahan in Jets zone.
6:29 of 3rd period - Shot by Justin Holl.
6:29 of 3rd period - Shot Blocked by Ryan Ellis.
6:39 of 3rd period - Shot by Derek Grant.
6:39 of 3rd period - Stopped by Laurent Brossoit without a rebound.
6:40 of 3rd period - Jordan Staal wins face-off versus Riley Sheahan in Jets zone.
6:53 of 3rd period - Shot by Cam Fowler.
6:53 of 3rd period - Shot Misses the Net.
6:55 of 3rd period - Shot by Derek Grant.
6:55 of 3rd period - Shot Misses the Net.
6:57 of 3rd period - Shot by Derek Grant.
6:57 of 3rd period - The goal is going for a video replay.
6:57 of 3rd period - The goal is refused.
6:58 of 3rd period - Jonathan Toews wins face-off versus Patrice Bergeron in Jets zone.
6:59 of 3rd period - Shot by Roman Josi.
6:59 of 3rd period - Stopped by Laurent Brossoit without a rebound.
7:00 of 3rd period - Patrice Bergeron wins face-off versus Jonathan Toews in Jets zone.
7:06 of 3rd period - Icing by Jonathan Toews.
7:07 of 3rd period - Jonathan Toews wins face-off versus Patrice Bergeron in Blackhawks zone.
7:16 of 3rd period - Shot by Dmitry Orlov.
7:16 of 3rd period - Shot Misses the Net.
7:18 of 3rd period - Shot by Dmitry Orlov.
7:18 of 3rd period - Shot Misses the Net.
7:20 of 3rd period - Shot by Jonathan Toews.
7:20 of 3rd period - Stopped by Laurent Brossoit without a rebound.
7:21 of 3rd period - Jordan Staal wins face-off versus Riley Sheahan in Jets zone.
7:36 of 3rd period - Shot by Jakub Voracek.
7:36 of 3rd period - Shot Misses the Net.
7:38 of 3rd period - Shot by Jordan Staal.
7:38 of 3rd period - Goal by Jordan Staal - Blackhawks : 5 - Jets : 3.
7:39 of 3rd period - Jonathan Toews wins face-off versus Bo Horvat in neutral zone.
8:20 of 3rd period - Shot by Gabriel Landeskog.
8:20 of 3rd period - Stopped by Laurent Brossoit without a rebound.
8:21 of 3rd period - Patrice Bergeron wins face-off versus Jordan Staal in Jets zone.
8:38 of 3rd period - Shot by Connor Brown.
8:38 of 3rd period - Stopped by Carey Price without a rebound.
8:39 of 3rd period - Ryan Getzlaf wins face-off versus Nick Bonino in Blackhawks zone.
9:04 of 3rd period - Shot by Patric Hornqvist.
9:04 of 3rd period - Shot Misses the Net.
9:17 of 3rd period - Icing by Aaron Ekblad.
9:18 of 3rd period - Jordan Staal wins face-off versus Ryan Getzlaf in Jets zone.
9:19 of 3rd period - Shot by Derek Grant.
9:19 of 3rd period - Shot Blocked by Aaron Ekblad.
9:21 of 3rd period - Shot by Derek Grant.
9:21 of 3rd period - Stopped by Laurent Brossoit without a rebound.
9:22 of 3rd period - Jakub Voracek wins face-off versus Bo Horvat in Jets zone.
9:37 of 3rd period - Shot by Jared McCann.
9:37 of 3rd period - Stopped by Carey Price without a rebound.
9:38 of 3rd period - Patrice Bergeron wins face-off versus Jonathan Toews in Blackhawks zone.
9:54 of 3rd period - Icing by Kris Russell.
9:55 of 3rd period - Jordan Staal wins face-off versus Patrice Bergeron in Jets zone.
9:55 of 3rd period - Minor Penalty to Connor Clifton for Hooking.
9:56 of 3rd period - Patrice Bergeron wins face-off versus Jonathan Toews in Jets zone.
10:15 of 3rd period - Shot by Dmitry Orlov.
10:15 of 3rd period - Shot Misses the Net.
10:17 of 3rd period - Shot by Dmitry Orlov.
10:17 of 3rd period - Deflect By Kyle Palmieri.
10:17 of 3rd period - Stopped by Laurent Brossoit without a rebound.
10:18 of 3rd period - Jordan Staal wins face-off versus Riley Sheahan in Jets zone.
11:25 of 3rd period - Shot by Dmitry Orlov.
11:25 of 3rd period - Stopped by Laurent Brossoit without a rebound.
11:26 of 3rd period - Jonathan Toews wins face-off versus Patrice Bergeron in Jets zone.
11:46 of 3rd period - Shot by Jonathan Toews.
11:46 of 3rd period - Shot Misses the Net.
11:48 of 3rd period - Shot by Jonathan Toews.
11:48 of 3rd period - Goal by Jonathan Toews - Blackhawks : 6 - Jets : 3.
11:49 of 3rd period - Bo Horvat wins face-off versus Nick Bonino in neutral zone.
11:56 of 3rd period - Shot by Bo Horvat.
11:56 of 3rd period - Shot Misses the Net.
12:01 of 3rd period - Off-side.
12:02 of 3rd period - Jordan Staal wins face-off versus Jaden Schwartz in neutral zone.
12:06 of 3rd period - Icing by Ryan Ellis.
12:07 of 3rd period - Jordan Staal wins face-off versus Jaden Schwartz in Jets zone.
13:45 of 3rd period - Shot by Patrice Bergeron.
13:45 of 3rd period - Deflect By Nazem Kadri.
13:45 of 3rd period - Stopped by Carey Price without a rebound.
13:46 of 3rd period - Patric Hornqvist wins face-off versus Jared McCann in Blackhawks zone.
14:23 of 3rd period - Shot by Patric Hornqvist.
14:23 of 3rd period - Stopped by Laurent Brossoit with a rebound.
14:25 of 3rd period - Shot by Nick Bonino.
14:25 of 3rd period - Shot Misses the Net.
14:27 of 3rd period - Shot by Anthony Bitetto.
14:27 of 3rd period - Shot Misses the Net.
14:32 of 3rd period - Icing by Kris Russell.
14:33 of 3rd period - Jonathan Toews wins face-off versus Bo Horvat in Jets zone.
16:34 of 3rd period - Minor Penalty to Justin Holl for Tripping.
16:35 of 3rd period - Gabriel Landeskog wins face-off versus Bo Horvat in Blackhawks zone.
17:00 of 3rd period - Shot by Aaron Ekblad.
17:00 of 3rd period - Shot Misses the Net.
17:02 of 3rd period - Shot by Gustav Forsling.
17:02 of 3rd period - Deflect By Connor Brown.
17:02 of 3rd period - Stopped by Carey Price without a rebound.
17:03 of 3rd period - Jonathan Toews wins face-off versus Patrice Bergeron in Blackhawks zone.
17:31 of 3rd period - Shot by Patrice Bergeron.
17:31 of 3rd period - Stopped by Carey Price without a rebound.
17:32 of 3rd period - Bo Horvat wins face-off versus Jonathan Toews in Blackhawks zone.
17:56 of 3rd period - Shot by Connor Brown.
17:56 of 3rd period - Shot Misses the Net.
18:04 of 3rd period - Shot by Aaron Ekblad.
18:04 of 3rd period - Shot Misses the Net.
18:06 of 3rd period - Shot by Gustav Forsling.
18:06 of 3rd period - Stopped by Carey Price with a rebound.
18:12 of 3rd period - Shot by Aaron Ekblad.
18:12 of 3rd period - Shot Blocked by Jordan Staal.
18:21 of 3rd period - Off-side.
18:22 of 3rd period - Patrice Bergeron wins face-off versus Gabriel Landeskog in neutral zone.
18:32 of 3rd period - Shot by Patrice Bergeron.
18:32 of 3rd period - Stopped by Carey Price without a rebound.
18:33 of 3rd period - Patrice Bergeron wins face-off versus Gabriel Landeskog in Blackhawks zone.
19:08 of 3rd period - Shot by Matt Calvert.
19:08 of 3rd period - Stopped by Laurent Brossoit without a rebound.
19:09 of 3rd period - Patrice Bergeron wins face-off versus Nick Bonino in Jets zone.
19:19 of 3rd period - Minor Penalty to Patrice Bergeron for Holding.
19:20 of 3rd period - Jonathan Toews wins face-off versus Bo Horvat in Jets zone.
19:21 of 3rd period - Shot by Kyle Palmieri.
19:21 of 3rd period - Shot Blocked by Gustav Forsling.
19:27 of 3rd period - Kyle Palmieri is hit by Bo Horvat.
Goals for this period are 2 for Blackhawks vs 1 for Jets.
Shots for this period are 16 for Blackhawks vs 13 for Jets.